 Dungeon Crawl Stone Soup version 0.24-a0-616-ge2a249a (webtiles) character file.

Game seed: 11437435723728070183, levelgen mode: deterministic

4440 BoppinsLewinski the Basher (level 10, -2/135 HPs)
             Began as a Centaur Fighter on Sept 15, 2019.
             Was a Priest of Okawaru.
             Slain by a two-headed ogre
             ... wielding a +0 great mace
              (7 damage)
             ... on level 10 of the Dungeon.
             The game lasted 00:26:39 (9815 turns).

BoppinsLewinski the Basher (Centaur Fighter)        Turns: 9815, Time: 00:26:40

Health: -2/135     AC: 25    Str: 17 (18) XL:     10   Next: 14%
Magic:  10/11      EV:  1    Int:  6 (9)  God:    Okawaru [***...]
Gold:   652        SH: 10    Dex: 11 (14) Spells: 9/9 levels left

rFire    . . .     SeeInvis .   y - +2 mace
rCold    . . .     Gourm    .   c - +0 shield
rNeg     + + +     Faith    .   (armour currently unavailable)
rPois    +         Spirit   .   (helmet currently unavailable)
rElec    .         Reflect  .   (cloak currently unavailable)
rCorr    .         Harm     .   (gloves currently unavailable)
MR       +....     NoTele   +   (no barding)
Stlth    +++.......             (no amulet)
HPRegen  0.32/turn              v - +3 ring of dexterity
MPRegen  0.12/turn              t - ring of poison resistance

@: tree-form, heroism
A: large, repulsion field 1, clever 1, magic resistance 1, weak 1
a: Heroism, Renounce Religion


You were on level 10 of the Dungeon.
You worshipped Okawaru.
Okawaru was most pleased with you.
You were not hungry.
You were a tree.
You visited 2 branches of the dungeon, and saw 11 of its levels.

You collected 652 gold pieces.

Inventory:

Hand Weapons
 a - a +0 flail
 e - a +1 vampiric whip
 y - a +2 mace (weapon)
Armour
 b - a +2 cloak (melded)
 c - a +0 shield (worn)
 g - a +0 pair of gloves (melded)
 p - a +0 chain mail (melded)
 B - a +2 hat (melded)
Jewellery
 q - a +3 ring of strength
 t - a ring of poison resistance (right branch)
 v - a +3 ring of dexterity (left branch)
Wands
 A - a wand of digging (2)
Scrolls
 d - 2 scrolls of blinking
 j - 8 scrolls of teleportation
 k - 2 scrolls of random uselessness {unknown}
 l - 5 scrolls of remove curse
 m - 2 scrolls of immolation {unknown}
 n - 2 scrolls of amnesia {unknown}
 s - a scroll of magic mapping {unknown}
 u - 2 scrolls of identify
 x - 2 scrolls of fog {unknown}
 z - a scroll of fear {unknown}
Potions
 i - a potion of lignification
 o - a potion of flight
 r - 2 potions of magic
 w - a potion of cancellation
Comestibles
 f - 17 rations
 C - a chunk of flesh


   Skills:
 + Level 8.6(13.6) Fighting
 * Level 10.1(15.1) Maces & Flails
 + Level 2.4(7.4) Armour
 + Level 3.3(8.3) Dodging
 - Level 1.3(6.3) Stealth
 + Level 2.6(7.6) Shields
 + Level 1.4 Invocations


You had 9 spell levels left.
You didn't know any spells.
Your spell library contained the following spells:

 Spells                   Type           Power        Failure   Level  Hunger
 Beastly Appendage        Tmut           #.....       54%         1    ##.....
 Confusing Touch          Hex            #.....       54%         1    ##.....
 Sandblast                Erth           #.....       54%         1    ##.....
 Passwall                 Tmut/Erth      #.......     69%         2    ###....
 Sticks to Snakes         Tmut           #.......     69%         2    ###....
 Confuse                  Hex            #.......     89%         3    ####...
 Gell's Gravitas          Tloc           #.........   89%         3    ####...
 Spider Form              Tmut/Pois      #.........   89%         3    ####...
 Stone Arrow              Conj/Erth      #.....       89%         3    ####...
 Ice Form                 Ice/Tmut       #.......     100%        4    #####..
 Petrify                  Tmut/Erth      #.......     100%        4    #####..
 Blade Hands              Tmut           #.........   100%        5    ######.
 Lee's Rapid Deconstruct  Erth           #.........   100%        5    ######.
 Metabolic Englaciation   Hex/Ice        #.........   100%        5    ######.
 Yara's Violent Unravell  Hex/Tmut       #.........   100%        5    ######.


Dungeon Overview and Level Annotations

Branches:
Dungeon (10/15)            Temple (1/1) D:6
   Lair: D:8-11         Orc: D:9-12

Altars:
Ashenzari
Cheibriados
Dithmenos
Elyvilon
Fedhas
Gozag
Hepliaklqana
Kikubaaqudgha
Makhleb
Nemelex Xobeh
Okawaru
Qazlal
Ru
Sif Muna
Trog
Uskayaw
Vehumet
Wu Jian
Xom
Yredelemnul
Zin
The Shining One

Annotations:
D:6 exclusion: 2 doors


Innate Abilities, Weirdness & Mutations

((You have hooves in place of feet.))
((Armour fits poorly on your strangely shaped body.))
((You cover ground very quickly.))
((You have extremely tough skin. (AC +3)))
You are surrounded by a mild repulsion field. (EV +2)
Your mind is acute. (Int +2)
You are resistant to hostile enchantments. (MR+)
You are weak. (Str -2)


Message History

Tha two-headed ogre be heavily wounded.
Tha two-headed ogre hits ye wit' a +0 great mace!
* * * LOW HITPOINT WARNIN'
* * * Tha two-headed ogre hits ye but does nay damage.
Unknown command.
Ye thump tha two-headed ogre!
Tha two-headed ogre be severely wounded.
Unknown command.
Ye feel better.
Tha two-headed ogre hits ye but does nay damage.
Tha two-headed ogre hits ye wit' a +0 giant spiked club!
* * * LOW HITPOINT WARNIN'
* * * Ye hit tha two-headed ogre.
Tha two-headed ogre be severely wounded.
Unknown command.
It was a potion o' degeneration.
Thar was somethin' very wrong wit tha liquid.
Ye feel weaken'd.
Ye feel dopey.
Ye feel clumsy.
Tha two-headed ogre hits ye wit' a +0 great mace!
Ye die...

........#
######### ...(...
....... .......
....... .......
....... ######
....... #÷÷.♣#####
#%§O#..#.#######
###
#%.%###.÷......#
..#
##########.......#
..#
#.####'.##.......#
..#
#.....#..........#
#######
#######..........#
......#
#...........######
......#
+...........'...#


You could see a two-headed ogre.

Vanquished Creatures
  Erolcha (D:9)
  Pikel (D:7)
  A troll (D:10)
  A shadow (D:6)
  A wraith (D:10)
  2 orc warriors
  2 sky beasts
  4 centaurs
  2 necrophages (D:8)
  4 ogres
  A crocodile (D:10)
  A big kobold (D:9)
  4 bullfrogs
  3 scorpions
  3 wights (D:6)
  2 centaur zombies
  3 crimson imps
  2 quasits (D:10)
  3 orc wizards
  4 hounds
  An orc priest (D:9)
  Crazy Yiuf (D:3)
  A centaur skeleton (D:9)
  An iguana (D:6)
  4 worker ants
  A killer bee zombie (D:9)
  A hound skeleton (D:8)
  2 worker ant zombies
  Robin (D:3)
  9 adders
  A howler monkey skeleton (D:5)
  3 shadow imps
  An ooze (D:3)
  An adder skeleton (D:3)
  An adder zombie (D:6)
  A worm (D:5)
  2 dart slugs (D:2)
  2 leopard geckos
  17 orcs
  2 ball pythons
  4 bats
  3 giant cockroaches
  8 goblins
  12 hobgoblins
  7 jackals
  3 frilled lizards
  A jackal skeleton (D:6)
  14 kobolds
  A quokka skeleton (D:4)
  A quokka zombie (D:5)
  3 rats
155 creatures vanquished.

Vanquished Creatures (others)
  A slave (D:7)
  A sky beast (D:7)
  2 orc priests (D:7)
  2 orcs (D:7)
6 creatures vanquished.

Grand Total: 161 creatures vanquished

Notes
Turn   | Place    | Note
-------+----------+-------------------------------------------
     0 | D:1      | BoppinsLewinski the Centaur Fighter began the quest for the
                  | Orb.
     0 | D:1      | Reached XP level 1. HP: 19/19 MP: 1/1
    51 | D:1      | Reached skill level 2 in Maces & Flails
   140 | D:1      | Reached XP level 2. HP: 26/26 MP: 2/2
   667 | D:2      | Reached XP level 3. HP: 30/31 MP: 3/3
   920 | D:2      | Reached skill level 3 in Maces & Flails
  1206 | D:2      | Found an ancient bone altar of Kikubaaqudgha.
  1432 | D:3      | Reached XP level 4. HP: 40/40 MP: 4/4
  1493 | D:3      | Identified the +2 helmet of Panentheism {+Blink rPois MR-
                  | Int+4}
  1493 | D:3      | Noticed Robin
  1499 | D:3      | Killed Robin
  1637 | D:3      | Found a runed translucent door.
  1638 | D:3      | Noticed Crazy Yiuf
  1684 | D:3      | Found a sacrificial altar of Ru.
  2447 | D:3      | Killed Crazy Yiuf
  2447 | D:3      | Reached XP level 5. HP: 41/46 MP: 5/5
  2589 | D:4      | Reached skill level 4 in Maces & Flails
  2631 | D:4      | Found a shattered altar of Ashenzari.
  3358 | D:5      | Entered Level 5 of the Dungeon
  3437 | D:5      | Noticed an ogre
  3443 | D:5      | Killed an ogre
  3443 | D:5      | Reached skill level 5 in Maces & Flails
  3443 | D:5      | Reached XP level 6. HP: 44/53 MP: 6/6
  3600 | D:5      | Reached skill level 6 in Maces & Flails
  3600 | D:5      | Reached XP level 7. HP: 44/60 MP: 7/7
  3848 | D:5      | Reached skill level 1 in Dodging
  4407 | D:6      | Found a staircase to the Ecumenical Temple.
  4440 | Temple   | Entered the Ecumenical Temple
  4536 | Temple   | Became a worshipper of Warmaster Okawaru
  4588 | D:6      | Reached skill level 7 in Maces & Flails
  4596 | D:6      | Reached skill level 5 in Fighting
  5099 | D:6      | Noticed a shadow
  5114 | D:6      | Killed a shadow
  5114 | D:6      | Reached XP level 8. HP: 34/68 MP: 8/8
  5401 | D:6      | Gained mutation: You are weak. (Str -2) [potion of
                  | mutation]
  5401 | D:6      | Gained mutation: Your flesh is cold resistant. (rC+)
                  | [potion of mutation]
  5401 | D:6      | Gained mutation: You are clumsy. (Dex -2) [potion of
                  | mutation]
  5401 | D:6      | Gained mutation: Your mind is acute. (Int +2) [potion of
                  | mutation]
  5686 | D:7      | Noticed Pikel
  5702 | D:7      | Killed Pikel
  5702 | D:7      | Reached * piety under Okawaru
  5702 | D:7      | Reached skill level 8 in Maces & Flails
  5708 | D:7      | Reached skill level 9 in Maces & Flails
  6135 | D:7      | Reached ** piety under Okawaru
  6465 | D:8      | Reached XP level 9. HP: 75/75 MP: 9/9
  6514 | D:8      | Lost mutation: You are weak. (Str -2) [potion of mutation]
  6514 | D:8      | Lost mutation: Your flesh is cold resistant. (rC+) [potion
                  | of mutation]
  6514 | D:8      | Lost mutation: You are clumsy. (Dex -2) [potion of
                  | mutation]
  6514 | D:8      | Gained mutation: You are weak. (Str -2) [potion of
                  | mutation]
  6514 | D:8      | Gained mutation: You are resistant to hostile enchantments.
                  | (MR+) [potion of mutation]
  6514 | D:8      | Gained mutation: You are surrounded by a mild repulsion
                  | field. (EV +2) [potion of mutation]
  6667 | D:8      | Reached skill level 1 in Stealth
  7541 | D:9      | Reached skill level 10 in Maces & Flails
  7880 | D:9      | Noticed Erolcha
  7893 | D:9      | Killed Erolcha
  7893 | D:9      | Reached *** piety under Okawaru
  7893 | D:9      | Reached skill level 1 in Invocations
  8903 | D:9      | Reached XP level 10. HP: 63/90 MP: 11/11
  9422 | D:10     | Entered Level 10 of the Dungeon
  9582 | D:10     | Found a stormy altar of Qazlal.
  9798 | D:10     | Noticed a two-headed ogre
  9811 | D:10     | HP: 3/135 [two-headed ogre/+0 great mace (12)]
  9815 | D:10     | Slain by a two-headed ogre

Levels and vault maps discovered:
D:1:      elethiomel_arrival_shortcut, layout_basic
D:2:      layout_basic, lemuel_coloured_pillars_altar, first_ration
D:3:      layout_basic, serial_corexii_hall, chequers_hall_statues_wall_a,
          corexii_hall_statues_deadend, nicolae_ru_awakened_eye,
          uniq_crazy_yiuf_cottage, uniq_robin
D:4:      layout_basic, evilmike_ruin_ashenzari
D:5:      layout_basic
D:6:      cheibrodos_two_vegetables, layout_rooms, minmay_temple_entry_slanted,
          dk_vineyard_2
D:7:      layout_basic, uniq_pikel
D:8:      layout_rooms
D:9:      layout_layer_cave, uniq_erolcha
D:10:     layout_gridville, serial_shops, shop, grunt_ogre_cave,
          nicolae_qazlal_style_of_elements
Temple:   kilobyte_greek_temple

Skill      XL: |  1  2  3  4  5  6  7  8  9 |
---------------+----------------------------+-----
Maces & Flails | 2 3 5 6 7 9 10 | 10.1
Fighting       | 4 5 8 |  8.6
Dodging        | 1 3 |  3.3
Stealth        | 1 |  1.3
Invocations    | 1 |  1.4
Armour         | |  2.4
Shields        | |  2.6

Action                   |  1- 3 |  4- 6 |  7- 9 | 10-12 || total
-------------------------+-------+-------+-------+-------++-------
Melee: Whip              |   106 |   158 |   102 |       ||   366
       Kick              |    18 |    39 |    94 |    17 ||   168
       Mace              |       |       |   232 |    58 ||   290
Invok: Heroism           |       |       |     3 |     1 ||     4
  Use: Potion            |       |     4 |    13 |     3 ||    20
       Scroll            |       |       |    11 |       ||    11
 Stab: Invisible         |       |       |     1 |       ||     1
  Eat: Chunk             |       |     3 |     5 |     2 ||    10
       Ration            |       |     1 |     3 |       ||     4
Armor: Scale mail        |    33 |       |       |       ||    33
       Chain mail        |     6 |    65 |   155 |    26 ||   252
       Skin              |       |       |       |     4 ||     4
Dodge: Dodged            |    23 |    22 |    59 |    12 ||   116
Block: Shield            |    39 |    49 |   131 |    29 ||   248

Table legend:
 A = Non-vault XP
 B = Vault XP
 C = Vault XP percentage of total XP
 D = Non-vault monster count
 E = Vault monster count
 F = Vault count percentage of total count
                 A         B        C        D         E       F
            +---------+---------+-------+---------+---------+-------
      Total |    4381 |    1963 |  30.9 |     142 |      13 |   8.4
            +---------+---------+-------+---------+---------+-------
        D:1 |      28 |       0 |   0.0 |      16 |       0 |   0.0
        D:2 |      63 |       0 |   0.0 |      19 |       0 |   0.0
        D:3 |      62 |      66 |  51.6 |      17 |       8 |  32.0
        D:4 |      99 |       0 |   0.0 |       7 |       0 |   0.0
        D:5 |     739 |       0 |   0.0 |      26 |       0 |   0.0
        D:6 |     282 |     255 |  47.5 |       8 |       3 |  27.3
        D:7 |     482 |     617 |  56.1 |       9 |       1 |  10.0
        D:8 |     568 |       0 |   0.0 |      12 |       0 |   0.0
        D:9 |    1248 |    1025 |  45.1 |      20 |       1 |   4.8
       D:10 |     810 |       0 |   0.0 |       8 |       0 |   0.0
            +---------+---------+-------+---------+---------+-------
